 Dungeon Crawl Stone Soup version 0.29-a0-541-gaf1fc19f1b (webtiles) character file.

Game seed: 10614536753197965434

400 grumblor the Archer (level 6, -4/32 HPs)
             Began as a Spriggan Hunter on June 3, 2022.
             Slain by an orc wizard
             ... wielding a +0 falchion
              (5 damage)
             ... on level 3 of the Dungeon.
             The game lasted 00:02:16 (2335 turns).

grumblor the Archer (Spriggan Hunter)               Turns: 2335, Time: 00:02:16

Health: -4/32      AC:  2    Str:  7    XL:     6   Next: 54%
Magic:  7/7        EV: 20    Int: 10    God:
Gold:   260        SH:  0    Dex: 21    Spells: 5/5 levels left

rFire   . . .      SeeInvis +   a - +3 shortbow (freeze)
rCold   . . .      Faith    .   (shield currently unavailable)
rNeg    . . .      Spirit   .   b - +0 robe
rPois   .          Reflect  .   (helmet restricted)
rElec   .          Harm     .   (no cloak)
rCorr   .          Rampage  .   (gloves unavailable)
Will    +....                   (boots unavailable)
Stlth   ++........              (no amulet)
HPRegen 0.10/turn               (no ring)
MPRegen 0.10/turn               (no ring)

@: very quick
A: very small, no large weapons, unfitting armour, see invisible, speed 3
a: no special abilities


You were on level 3 of the Dungeon.
You visited 1 branch of the dungeon, and saw 3 of its levels.

You collected 260 gold pieces.

Inventory:

Hand Weapons
 a - a +3 shortbow of freezing (weapon)
Armour
 b - a +0 robe (worn)
Jewellery
 e - a +6 ring of strength
Scrolls
 c - a scroll of immolation
 f - a scroll of blinking
 h - a scroll of identify
Potions
 d - a potion of degeneration {unknown}
 g - 3 potions of curing {unknown}
 i - a potion of haste {unknown}


   Skills:
 + Level 2.5 Fighting
 + Level 8.2 Bows
 * Level 5.0 Dodging
 - Level 1.5 Stealth


You had 5 spell levels left.
You didn't know any spells.
Your spell library contained the following spells:

 Spells                   Type           Power      Damage    Failure   Level
 Sandblast                Erth           0%         2d4       36%         1
 Passwall                 Tmut/Erth      0%         N/A       50%         2
 Stone Arrow              Conj/Erth      0%         3d7       75%         3
 Cause Fear               Hex            0%         N/A       98%         4
 Dragon Form              Tmut           0%         N/A       100%        7
 Dragon's Call            Summ           0%         N/A       100%        9


Dungeon Overview and Level Annotations

Branches:
Dungeon (3/15)

Altars:
Ashenzari
Uskayaw


Innate Abilities, Weirdness & Mutations

You are very small and have problems with some larger weapons.
You are too small for most types of armour.
You have supernaturally acute eyesight. (SInv)
You cover ground extremely quickly. (Speed+++)


Message History

You shoot an arrow.
The arrow closely misses the orc wizard.
The orc wizard barely misses you.
Shoot: a) +3 shortbow (freeze)
Press: ? - help, Q - select action Shift-Dir - straight line, f/p - orc wizard
Aim: an orc wizard, wielding a +0 falchion and wearing a +0 robe (lightly wounded, 64% to hit)
You shoot an arrow. The arrow hits the orc wizard.
The arrow freezes the orc wizard.
The orc wizard is heavily wounded.
The orc wizard closely misses you. The orc wizard casts a spell at you.
The magic dart hits you.
* * * LOW HITPOINT WARNING * * *
There is an open door here.
Shoot: a) +3 shortbow (freeze)
Press: ? - help, Q - select action Shift-Dir - straight line, f/p - orc wizard
Aim: an orc wizard, wielding a +0 falchion and wearing a +0 robe (heavily wounded, 64% to hit)
You shoot an arrow.
The arrow closely misses the orc wizard.
Shoot: a) +3 shortbow (freeze)
Press: ? - help, Q - select action Shift-Dir - straight line, f/p - orc wizard
Aim: an orc wizard, wielding a +0 falchion and wearing a +0 robe (heavily wounded, 64% to hit)
You shoot an arrow.
The arrow completely misses the orc wizard.
The orc wizard misses you.
Shoot: a) +3 shortbow (freeze)
Press: ? - help, Q - select action Shift-Dir - straight line, f/p - orc wizard
Aim: an orc wizard, wielding a +0 falchion and wearing a +0 robe (heavily wounded, 64% to hit)
You shoot an arrow. The arrow hits the orc wizard.
The arrow freezes the orc wizard.
The orc wizard is severely wounded.
The orc wizard hits you with a +0 falchion!
* * * LOW HITPOINT WARNING * * *
Shoot: a) +3 shortbow (freeze)
Press: ? - help, Q - select action Shift-Dir - straight line, f/p - orc wizard
Aim: an orc wizard, wielding a +0 falchion and wearing a +0 robe (severely wounded, 64% to hit)
You shoot an arrow.
The arrow closely misses the orc wizard.
The orc wizard hits you with a +0 falchion.
You die...

###########################
#................P.........
#....P.............P.......
#....≈≈≈≈≈≈≈≈≈≈≈≈≈≈≈≈≈≈≈≈≈≈
#....≈≈≈≈≈≈≈≈≈≈≈≈≈≈≈≈≈≈≈≈≈≈
#....≈≈#####≈≈≈≈≈≈≈≈≈≈≈≈≈≈≈
#....≈≈#...#.........^.....
#...P≈≈#..@################
#....≈≈###o#
#....≈≈≈.#.################
#######.P..≈≈≈.#)#)#.........#8..
#.....#....≈≈≈.#)#.#.........'...
#.###.#....≈≈≈.#.#.'......))))...
#.# #.#....≈≈≈.#)#.#.........#)..
#<# #.#....≈≈≈.#'####''#######)).
#####.#....≈≈≈.#........# #)..


You could see an orc wizard.

Vanquished Creatures
  An ogre (D:3)
  2 howler monkeys (D:3)
  2 hounds (D:3)
  8 gnolls (D:3)
  2 adders (D:2)
  A worm (D:2)
  A dart slug (D:2)
  13 orcs (D:3)
  A ball python (D:1)
  5 bats
  4 endoplasms
  3 giant cockroaches
  8 goblins
  A hobgoblin (D:3)
  13 jackals (D:3)
  2 kobolds
  A quokka (D:2)
  2 frilled lizards (D:2)
  8 rats
78 creatures vanquished.

Notes
Turn   | Place    | Note
-------+----------+-------------------------------------------
     0 | D:1      | grumblor the Spriggan Hunter began the quest for the Orb.
     0 | D:1      | Reached XP level 1. HP: 10/10 MP: 2/2
   284 | D:1      | Reached skill level 5 in Bows
   520 | D:1      | Reached XP level 2. HP: 14/14 MP: 3/3
   884 | D:2      | Reached XP level 3. HP: 17/18 MP: 4/4
  1188 | D:2      | Reached skill level 6 in Bows
  1395 | D:2      | Found a broken altar of Ashenzari.
  1812 | D:3      | Found a hide-covered altar of Uskayaw.
  1946 | D:3      | Reached XP level 4. HP: 23/23 MP: 5/5
  2016 | D:3      | Reached XP level 5. HP: 26/26 MP: 6/6
  2026 | D:3      | Reached skill level 7 in Bows
  2172 | D:3      | Reached XP level 6. HP: 25/30 MP: 7/7
  2233 | D:3      | Reached skill level 8 in Bows
  2299 | D:3      | Reached skill level 5 in Dodging
  2333 | D:3      | HP: 1/32 [orc wizard/+0 falchion (8)]
  2335 | D:3      | Slain by an orc wizard

Illustrated notes

Levels and vault maps discovered:
D:1:      minmay_arrival_cross, layout_loops_corners
D:2:      layout_basic, basic_altar, serial_curves, eino_curves_02,
          eino_curves_03
D:3:      lemuel_castle_with_subvaults [lemuel_castle_interior_carwin_2],
          layout_basic, eat_drink_and_be_merry_uskayaw

Skill      XL: |  1  2  3  4  5  6 |
---------------+-------------------+-----
Bows           | 5 6 7 8 |  8.2
Dodging        | 3 4 5 |  5.0
Fighting       | 2 |  2.5
Stealth        | |  1.5

Action                   |  1- 3 |  4- 6 || total
-------------------------+-------+-------++-------
 Fire: Shortbow          |    71 |    99 ||   170
  Use: Scroll            |     5 |       ||     5
Armor: Robe              |     3 |       ||     3
Dodge: Dodged            |     6 |    14 ||    20

Table legend: (Time is in decaauts)
 A = Elapsed time spent in this place.
 B = Non-inter-level travel time spent in this place.
 C = Inter-level travel time spent in this place.
 D = Time resting spent in this place.
 E = Time spent auto-exploring this place.
 F = Levels seen in this place.
 G = Mean time per level.
                   A        B        C        D        E       F      G
               +--------+--------+--------+--------+--------+-----+--------+
         Total |   1547 |   1485 |     62 |      9 |   1175 |   3 |  515.7 |
       Dungeon |   1547 |   1485 |     62 |      9 |   1175 |   3 |  515.7 |
               +--------+--------+--------+--------+--------+-----+--------+

Top non-repeatable levels by time:
     D:2: 552 daAuts
     D:3: 505 daAuts
     D:1: 489 daAuts
